 Dungeon Crawl Stone Soup version 0.28.0-43-g3370ac3207 (console) character file.

Game seed: 3838309632464522988

19090 Zeor the Eclecticist (level 12, -2/49 (50) HPs)
             Began as a Felid Conjurer on Mar 21, 2022.
             Was the Champion of Ashenzari.
             Slain by a dire elephant (13 damage)
             ... on level 6 of the Lair of Beasts.
             The game lasted 01:19:43 (19807 turns).

Zeor the Eclecticist (Felid Conjurer)              Turns: 19807, Time: 01:19:43

HP:   -2/49 (50)    AC:  3    Str:  3    XL:     12   Next: 33%
MP:   40/47         EV: 35    Int: 24    God:    Ashenzari [******]
Gold: 642           SH:  0    Dex: 15    Spells: 30/54 levels left
                                        Lives: 0   Deaths: 2

rFire   . . .      SeeInvis +     - Unarmed
rCold   + . .      Faith    .   (shield unavailable)
rNeg    . . .      Spirit   .   (armour unavailable)
rPois   .          Reflect  .   (helmet unavailable)
rElec   .          Harm     .   (cloak unavailable)
rCorr   .          Rampage  .   (gloves unavailable)
Will    ++...      Clarity  +   (boots unavailable)
Stlth   ++++......              s - amulet "Elysian Panentheism" {Acrobat, Evo, Self} (curse)
HPRegen 0.16/turn               u - ring of the Shattered Paranoia {Will+, Bglg, Elem} (curse)
MPRegen 0.30/turn               f - ring of Ashenzari's Visionary {MP+9, Evo, Bglg} (curse)

@: acrobatic, lightly drained, quick
A: very small, claws 1, fangs 3, see invisible, speed 1, shaggy fur 3, stealthy
paws, no weapons or thrown items, no armour, multi-lived
a: Renounce Religion, Shatter the Chains


You were on level 6 of the Lair of Beasts.
You worshipped Ashenzari.
Ashenzari was exalted by your worship.
You visited 3 branches of the dungeon, and saw 16 of its levels.
You also visited: Sewer.

You collected 642 gold pieces.

Inventory:

Hand Weapons
 g - the +7 Spriggan's Knife {stab, EV+4 Stlth+}
   (You found it on level 4 of the Dungeon)

   It is more effective when stabbing unaware enemies, treating them as though
   they were completely helpless.
   EV:        It affects your evasion (+4).
   Stlth:     It makes you more stealthy.
Jewellery
 b - a ring of protection from cold
 f - the cursed ring of Ashenzari's Visionary (right paw) {MP+9, Evo, Bglg}
   (You found it on level 3 of the Dungeon)

   [ring of magical power]

   MP:        It affects your magic capacity (+9).
   It has a curse which improves the following skills: Evocations: Evocations.
   Beguiling: Conjurations, Hexes and Translocations.
 r - a ring of resist corrosion
 s - the cursed amulet "Elysian Panentheism" (around neck) {Acrobat, Evo, Self}
   (You found it on level 7 of the Dungeon)

   [amulet of the acrobat]

   It increases your evasion while moving and waiting.
   It has a curse which improves the following skills: Evocations: Evocations.
   Introspection: Fighting and Spellcasting.
 u - the cursed ring of the Shattered Paranoia (left paw) {Will+, Bglg, Elem}
   (You found it on level 7 of the Dungeon)

   [ring of willpower]

   Will:      It increases your willpower.
   It has a curse which improves the following skills: Beguiling: Conjurations,
   Hexes and Translocations.
   Elements:  Fire Magic, Ice Magic, Air Magic and Earth Magic.
 y - a ring of willpower
Wands
 l - a wand of flame (53)
 n - a wand of iceblast (9)
 p - a wand of acid (20)
 q - a wand of mindburst (20)
 t - a wand of polymorph (7)
Scrolls
 h - 3 scrolls of fear
 i - 6 scrolls of fog
 j - 6 scrolls of teleportation
 o - 4 scrolls of vulnerability
 v - a scroll of magic mapping
 x - 4 scrolls of amnesia
Potions
 a - 9 potions of curing
 c - 3 potions of brilliance
 d - 2 potions of haste
 e - a potion of attraction
 m - 2 potions of flight
 w - a potion of resistance
 A - a potion of heal wounds
 B - a potion of berserk rage


   Skills:
 + Level 2.5(4.6) Fighting
 + Level 7.2 Dodging
 + Level 9.0 Stealth
 + Level 3.0 Unarmed Combat
 * Level 19.5(21.9) Spellcasting
 - Level 6.5(10.4) Conjurations
 + Level 4.0(7.5) Hexes
 + Level 6.4(10.3) Translocations
 + Level 1.3(3.0) Fire Magic


You had 30 spell levels left.
You knew the following spells:

 Your Spells              Type           Power      Damage    Failure   Level
a - Magic Dart            Conj           100%       1d8       1%          1
b - Searing Ray           Conj           100%       2d8       1%          2
c - Dazzling Flash        Conj/Hex       100%       N/A       1%          3
d - Iskenderun's Battles  Conj           67%        2d12      1%          5
e - Iskenderun's Mystic   Conj/Tloc      66%        2d14      1%          4
f - Fulminant Prism       Conj/Hex       31%        3d16      1%          4
g - Fireball              Conj/Fire      28%        3d12      2%          5

Your spell library contained the following spells:

 Spells                   Type           Power      Damage    Failure   Level
 Animate Skeleton         Necr           52%        N/A       1%          1
 Pain                     Necr           100%       1d9       1%          1
 Slow                     Hex            100%       N/A       1%          1
 Confusing Touch          Hex            58%        N/A       1%          3
 Inner Flame              Hex/Fire       51%        N/A       1%          3
 Summon Guardian Golem    Hex/Summ       44%        N/A       1%          3
 Cause Fear               Hex            29%        N/A       1%          4
 Vampiric Draining        Necr           26%        2d7       4%          3
 Summon Lightning Spire   Summ/Air       27%        N/A       14%         4
 Orb of Destruction       Conj           33%        9d10      19%         7
 Conjure Ball Lightning   Conj/Air       25%        3x3d7     26%         6
 Spellforged Servitor     Conj/Summ      25%        N/A       83%         7
 Discord                  Hex            29%        N/A       99%         8
 Storm Form               Tmut/Air       13%        N/A       100%        7
 Maxwell's Capacitive Co  Air            13%        ∞         100%        8


Dungeon Overview and Level Annotations

Branches:
Dungeon (9/15)             Temple (1/1) D:4            Lair (6/6) D:8
  Swamp (0/4) Lair:4        Snake (0/4) Lair:3        Slime (0/5) Lair:5
  Sewer (visited)
    Orc: D:9-12

Altars:
Ashenzari
Cheibriados
Dithmenos
Elyvilon
Fedhas
Gozag
Hepliaklqana
Kikubaaqudgha
Makhleb
Nemelex Xobeh
Okawaru
Qazlal
Ru
Sif Muna
Uskayaw
Vehumet
Wu Jian
Xom
Zin
The Shining One

Shops:
D:1 [

Annotations:
D:3 Sigmund
D:7 4 transporters, WaxSun's ghost, novice VSBr
Lair:2 Harold
Lair:5 3 runed translucent doors, Icepheonix32's ghost, adept KoDe
Lair:6 exclusion: obsidian statue


Innate Abilities, Weirdness & Mutations

You have sharp claws.
You have razor-sharp teeth.
You have supernaturally acute eyesight. (SInv)
You cover ground quickly. (Speed+)
Your thick and shaggy fur keeps you warm. (AC +3, rC+)
Your paws help you pounce on unaware monsters.
You are incapable of wielding weapons or throwing items.
You cannot wear armour.
You gain extra lives every three experience levels.


Message History

The death yak simulacrum is almost destroyed.
Your battlesphere fires!
The barrage of energy hits the death yak simulacrum!
The death yak simulacrum vaporises!
Your battlesphere expends the last of its energy and dissipates.
You start resting.
Magic restored.
There is a large open door here.
There is a large open door here.
As you open the door, it creaks loudly!
The dire elephant trumpets!
The necromancer shouts!
The dire elephant trumpets! x3
Casting: Searing Ray (safe; 1% risk of failure)
Confirm with . or Enter, or press ? or * to list all spells.
You conjure a globe of magical energy.
The dire elephant tramples you!!
Ouch! That really hurt!
You stumble backwards!
Casting: Iskenderun's Battlesphere (dangerous; 1% risk of failure)
Confirm with . or Enter, or press ? or * to list all spells.
Aiming: Searing Ray (safe; 1% risk of failure)
Press: ? - help, Shift-Dir - straight line, f - dire elephant
Aim: a dire elephant (100% to hit)
The searing ray hits the dire elephant but does no damage.
The searing ray hits the necromancer!
The necromancer is moderately wounded. (Press . to maintain the ray.)
Your battlesphere fires!
The barrage of energy hits the dire elephant.
The dire elephant is lightly wounded.
The dire elephant barely misses you. The dire elephant trunk-slaps you!
* * * LOW HITPOINT WARNING * * *
The searing ray hits the dire elephant but does no damage.
The dire elephant is lightly wounded.
The searing ray hits the necromancer!
The necromancer is heavily wounded.
Your battlesphere fires!
The barrage of energy hits the dire elephant.
The dire elephant is lightly wounded.
The dire elephant completely misses you.
The dire elephant trunk-slaps you!
You die...

∙▒▒∙∙∙▒▒▒▒▒∙∙∙∙▒
·∙♣▒∙∙∙'∙∙8▒∙∙∙∙▒
░·∙P▒▒▒▒▒▒∙∙'∙∙∙∙▒ ░
P∙♣▒▒▒∙∙∙∙')∙(▒▒ ░·
∙∙♣▒▒∙▒▒▒▒∙∙∙▒▒
░░∙∙∙♣▒▒∙▒∙∙'∙∙∙▒▒
▒∙∙∙♣▒∙∙▒∙∙'∙▒▒▒▒
∙▒P∙∙▒▒∙▒▒∙∙▒▒▒▒▒▒
▒∙∙∙▒▒▒∙▒∙h*▒▒▒▒▒▒ ░
░∙▒∙♣▒∙∙∙▒8Y8▒▒▒▒▒ ·
· ·∙▒∙▒▒∙▒▒▒▒p▒▒▒▒▒
· ∙P∙▒∙∙▒≈∙YZ▒▒▒▒
··∙∙∙∙∙∙▒∙▒▒≈≈≈∙∙▒▒▒
▒∙∙∙∙∙∙∙▒∙▒≈≈≈Y≈≈▒▒▒
▒∙∙∙▒∙∙∙∙▒∙▒∙≈≈≈≈≈▒
∙∙∙∙▒▒∙∙∙▒∙▒▒∙≈≈≈▒▒
∙∙∙∙∙∙∙∙∙▒∙▒▒▒▒''▒░


You could see 3 dire elephants, a spectral anaconda (ally target), a necromancer
and a friendly battlesphere.

Vanquished Creatures
  Rupert (Lair:6)
  A dire elephant (Lair:6)
  Snorg (Lair:6)
  5 hydras
  A catoblepas (Lair:5)
  4 death yaks (Lair:5)
  A spectral death yak (Lair:6)
  A lindwurm (Lair:6)
  A wolf spider (Lair:6)
  3 oklob plants (Lair:5)
  4 elephants
  17 cane toads
  6 black mambas
  Maggie (D:7)
  12 komodo dragons
  7 rime drakes
  7 polar bears
  12 dream sheep
  15 blink frogs
  A spectral elephant (Lair:6)
  50 yaks
  2 wyverns
  4 basilisks
  Menkaure (D:7)
  A steam dragon (D:7)
  2 death yak simulacra (Lair:6)
  6 nagas (Lair:3)
  2 spectral cane toads (Lair:6)
  24 water moccasins
  An elephant zombie (Lair:6)
  An ice beast (D:6)
  4 sky beasts
  An orc warrior (D:7)
  6 black bears
  2 ogres (D:5)
  A boggart (D:9)
  5 wolves (Lair:1)
  3 centaurs
  2 necrophages (D:6)
  2 elephant skeletons (Lair:6)
  5 kobold brigands (Sewer)
  2 phantoms
  11 bullfrogs
  A wyvern zombie (D:7)
  4 scorpions
  A water moccasin zombie (D:6)
  A wight (D:8)
  A howler monkey (D:4)
  A bullfrog zombie (D:6)
  A bullfrog skeleton (D:4)
  2 hounds
  3 jellies
  A centaur skeleton (D:7)
  3 orc priests
  5 iguanas
  16 orc wizards
  A scorpion zombie (D:5)
  2 hell rats (Lair:6)
  A hound skeleton (D:5)
  2 howler monkey skeletons
  6 river rats
  7 adders
  2 white imps
  An ufetubus (D:6)
  2 adder skeletons (D:5)
  4 worms
  6 dart slugs
  34 orcs
  13 ball pythons
  18 endoplasms
  2 giant cockroaches
  4 hobgoblins
  11 jackals
  7 bats
  A frilled lizard (D:2)
  6 goblins
  8 kobolds
  14 rats
431 creatures vanquished.

Vanquished Creatures (others)
  28 fulminant prisms
  58 fungi
  64 plants
  20 withered plants (Lair:6)
170 creatures vanquished.

Grand Total: 601 creatures vanquished

Notes
Turn   | Place    | Note
-------+----------+-------------------------------------------
     0 | D:1      | Zeor the Felid Conjurer began the quest for the Orb.
     0 | D:1      | Reached XP level 1. HP: 7/7 MP: 4/4
   248 | D:1      | Reached XP level 2. HP: 11/11 MP: 6/6
   282 | D:1      | Found Mujait's Armour Shoppe.
   615 | D:1      | Learned a level 2 spell: Searing Ray
  1134 | D:2      | Reached XP level 3. HP: 14/14 MP: 3/7
  2152 | D:3      | Found a hazy altar of Hepliaklqana.
  2314 | D:3      | Reached XP level 4. HP: 18/18 MP: 3/8
  2485 | D:3      | Found a glowing golden altar of the Shining One.
  2496 | D:3      | Learned a level 3 spell: Dazzling Flash
  2973 | D:3      | Reached skill level 3 in Spellcasting
  3052 | D:3      | Noticed Sigmund
  3375 | D:4      | Found the +7 Spriggan's Knife {stab, EV+4 Stlth+}
  3415 | D:4      | Found a glowing drain.
  3428 | D:4      | Reached XP level 5. HP: 21/21 MP: 8/10
  3459 | Sewer    | Entered a sewer
  3653 | Sewer    | Reached skill level 1 in Unarmed Combat
  3653 | Sewer    | Reached skill level 5 in Conjurations
  4067 | Sewer    | Reached skill level 4 in Spellcasting
  4067 | Sewer    | Gained mutation: You are covered in thick fur. (AC +2)
                  | [Felid growth]
  4067 | Sewer    | Reached XP level 6. HP: 22/24 MP: 13/13
  4348 | Sewer    | Reached XP level 7. HP: 16/27 MP: 11/15
  4563 | D:4      | Reached skill level 5 in Spellcasting
  5063 | D:4      | Reached skill level 5 in Stealth
  5444 | D:4      | Found a staircase to the Ecumenical Temple.
  5455 | D:4      | Learned a level 5 spell: Iskenderun's Battlesphere
  5473 | Temple   | Entered the Ecumenical Temple
  5580 | Temple   | Became a worshipper of Ashenzari the Shackled
  5694 | D:5      | Entered Level 5 of the Dungeon
  5742 | D:5      | Reached skill level 6 in Spellcasting
  6001 | D:5      | Reached XP level 8. HP: 7/31 MP: 18/18
  6512 | D:5      | Reached skill level 7 in Spellcasting
  7743 | D:6      | Reached skill level 8 in Spellcasting
  7902 | D:6      | Found a shimmering altar of Xom.
  7935 | D:6      | Reached XP level 9. HP: 17/34 MP: 22/22
  8546 | D:6      | Reached skill level 9 in Spellcasting
  9041 | D:6      | Reached * piety under Ashenzari
  9041 | D:6      | Reached ** piety under Ashenzari
  9209 | D:7      | Learned a level 4 spell: Iskenderun's Mystic Blast
  9215 | D:7      | Noticed Menkaure
  9221 | D:7      | Noticed Maggie
  9223 | D:7      | Killed Menkaure
  9229 | D:7      | Killed Maggie
  9230 | D:7      | Reached skill level 10 in Spellcasting
  9346 | D:7      | Found an opulent altar of Gozag.
  9346 | D:7      | Noticed a komodo dragon
  9347 | D:7      | Noticed a white ugly thing
  9349 | D:7      | Found a transporter.
  9349 | D:7      | a komodo dragon changed into a dream sheep
  9355 | D:7      | Noticed a two-headed ogre
  9378 | D:7      | Reached skill level 1 in Fighting
  9606 | D:7      | Found a transporter.
  9653 | D:7      | Noticed WaxSun's ghost (novice VSBr)
  9667 | D:7      | Reached skill level 5 in Dodging
  9667 | D:7      | Reached XP level 10. HP: 27/39 MP: 21/25
  9727 | D:7      | Reached skill level 1 in Hexes
  9766 | D:7      | Found a transporter.
 10003 | D:7      | Noticed a cane toad
 10006 | D:7      | Found a transporter.
 10155 | D:8      | Reached skill level 1 in Translocations
 10248 | D:8      | Found a hide-covered altar of Uskayaw.
 10298 | D:8      | Reached skill level 11 in Spellcasting
 10441 | D:8      | Found a staircase to the Lair.
 10947 | D:9      | Reached *** piety under Ashenzari
 10947 | D:9      | Reached **** piety under Ashenzari
 10954 | D:9      | Noticed a manticore
 11186 | Lair:1   | Entered Level 1 of the Lair of Beasts
 11219 | Lair:1   | Reached skill level 12 in Spellcasting
 11291 | Lair:1   | Learned a level 4 spell: Fulminant Prism
 11349 | Lair:1   | Noticed a cane toad
 11353 | Lair:1   | Killed a cane toad
 11455 | Lair:1   | Noticed a cane toad
 11460 | Lair:1   | Killed a cane toad
 11517 | Lair:1   | Noticed a four-headed hydra
 11545 | Lair:1   | Killed a four-headed hydra
 11675 | Lair:1   | Reached XP level 11. HP: 45/45 MP: 30/30
 11683 | Lair:1   | Reached skill level 13 in Spellcasting
 11929 | Lair:1   | Noticed a six-headed hydra
 11933 | Lair:1   | Killed a six-headed hydra
 12172 | Lair:1   | Reached ***** piety under Ashenzari
 12172 | Lair:1   | Reached ****** piety under Ashenzari
 12717 | Lair:2   | Reached skill level 14 in Spellcasting
 13038 | Lair:2   | Noticed Harold
 13313 | Lair:3   | Noticed an eight-headed hydra
 13321 | Lair:3   | Killed an eight-headed hydra
 13789 | Lair:3   | Reached skill level 15 in Spellcasting
 13858 | Lair:3   | Gained mutation: Your thick and shaggy fur keeps you warm.
                  | (AC +3, rC+) [Felid growth]
 13858 | Lair:3   | Reached XP level 12. HP: 50/50 MP: 34/34
 14324 | Lair:3   | Reached skill level 16 in Spellcasting
 14396 | Lair:3   | Found a staircase to the Snake Pit.
 15250 | Lair:4   | Found a staircase to the Swamp.
 15419 | Lair:4   | Reached skill level 17 in Spellcasting
 15558 | Lair:4   | Found a stormy altar of Qazlal.
 16102 | Lair:5   | Noticed a death yak
 16102 | Lair:5   | Noticed a death yak
 16113 | Lair:5   | Noticed a death yak
 16114 | Lair:5   | Noticed a death yak
 16188 | Lair:5   | Noticed a catoblepas
 16196 | Lair:5   | Killed a catoblepas
 16239 | Lair:5   | Noticed an eight-headed hydra
 16245 | Lair:5   | Killed an eight-headed hydra
 16247 | Lair:5   | Reached XP level 13. HP: 54/54 MP: 18/37
 16543 | Lair:5   | Learned a level 5 spell: Fireball
 16609 | Lair:5   | Identified the +0 cloak "Ighanepn" {rF- Str+2 Stlth+}
 16620 | Lair:5   | Found a runed translucent gate.
 16620 | Lair:5   | Found a runed translucent gate.
 16621 | Lair:5   | Found a runed translucent gate.
 16623 | Lair:5   | Noticed Icepheonix32's ghost (adept KoDe)
 16784 | Lair:5   | Found a staircase to the Slime Pits.
 17486 | Lair:6   | Entered Level 6 of the Lair of Beasts
 17494 | Lair:6   | Reached skill level 18 in Spellcasting
 17494 | Lair:6   | Noticed Snorg
 18008 | Lair:6   | Reached skill level 5 in Translocations
 18310 | Lair:5   | Mangled by a yak
 18311 | Lair:5   | Reached XP level 12. HP: -9/50 MP: 32/47
 18426 | Lair:6   | Reached skill level 19 in Spellcasting
 18445 | Lair:6   | Killed Snorg
 18646 | Lair:6   | Reached XP level 13. HP: 53/54 MP: 21/39
 18805 | Lair:6   | Noticed a dire elephant
 18922 | Lair:6   | Noticed Rupert
 18941 | Lair:6   | Killed Rupert
 19032 | Lair:6   | Noticed a dire elephant
 19044 | Lair:6   | Killed a dire elephant
 19171 | Lair:5   | Reached skill level 1 in Fire Magic
 19315 | Lair:6   | Slain by an eight-headed hydra
 19316 | Lair:6   | Reached XP level 12. HP: -2/50 MP: 47/47
 19411 | Lair:6   | Noticed a dire elephant
 19412 | Lair:6   | Noticed a dire elephant
 19413 | Lair:6   | Noticed a dire elephant
 19416 | Lair:6   | Noticed a dire elephant
 19492 | Lair:6   | Identified the +9 dagger of Nosocsac {elec, rF+ rC+ rN+}
 19807 | Lair:6   | Slain by a dire elephant

Illustrated notes

Levels and vault maps discovered:
D:1:      amcnicky_arrival_gap_in_the_tavern_cellar, layout_loops_ring,
          serial_shops, shop
D:2:      layout_basic
D:3:      layout_rooms, nicolae_hepliaklqana_hazy_memory, tso_altar,
          uniq_sigmund
D:4:      layout_cave_pools, minmay_temple_entry_glass,
          cheibrodos_sewer_entry_sluice, minmay_a_box_with_orc_wizards_in_it
D:5:      layout_loops_ring, glass_columns_b, grunt_ministairs_7
D:6:      layout_loops_ring, lemuel_doored_altar, st_stairs_3
D:7:      layout_rooms, gammafunk_temple_overflow_arena,
          gammafunk_ghost_stat_death, uniq_maggie, uniq_menkaure
D:8:      layout_rooms, nicolae_uskayaw_dance_hall, due_lair_maze_entry_diamond
D:9:      hangedman_cross_cluster, layout_loops_cross
Temple:   regret_index_temple_waves
Lair:1:   layout_regular_city, grunt_megastairs_4
Lair:2:   layout_chaotic_city, uniq_harold
Lair:3:   layout_roguey, minmay_snake_entry_guardpost_medium
Lair:4:   layout_cave_pods, minmay_swamp_entry_reptiles, basic_altar,
          cheibrodos_lair_lostbears
Lair:5:   layout_small_grid, minmay_slime_entry_oklob_open,
          ebering_ghost_rock_garden
Lair:6:   due_jungle_book, layout_misc_corridors, kennysheep_abandoned_house,
          grunt_megastairs_1, uniq_snorg, uniq_rupert

Skill      XL: |  1  2  3  4  5  6  7  8  9 10 11 12 13 |
---------------+----------------------------------------+-----
Conjurations   | 4 5 6 |  6.5
Stealth        | 3 4 5 6 7 8 9 |  9.0
Spellcasting   | 3 4 6 8 10 12 15 19 18 | 19.5
Dodging        | 3 4 5 6 7 |  7.2
Unarmed Combat | 1 2 3 |  3.0
Fighting       | 1 2 |  2.5
Hexes          | 1 2 3 4 |  4.0
Translocations | 2 3 6 5 |  6.4
Fire Magic     | 1 |  1.3

Action                   |  1- 3 |  4- 6 |  7- 9 | 10-12 | 13-15 || total
-------------------------+-------+-------+-------+-------+-------++-------
Melee: Unarmed           |     6 |     1 |     4 |     5 |       ||    16
       Bite              |     1 |       |       |       |       ||     1
       Punch             |       |       |     1 |     1 |       ||     2
 Cast: Magic Dart        |    73 |    64 |    60 |   141 |    43 ||   381
       Searing Ray       |     7 |    19 |    72 |    83 |    21 ||   202
       Dazzling Flash    |       |       |     5 |       |       ||     5
       Iskenderun's Batt |       |       |    10 |    80 |    27 ||   117
       Iskenderun's Myst |       |       |     3 |    23 |    35 ||    61
       Fulminant Prism   |       |       |       |    25 |     3 ||    28
       Fireball          |       |       |       |     9 |    12 ||    21
Invok: Curse Item        |       |       |     1 |     2 |       ||     3
  Use: Scroll            |     8 |       |     5 |     1 |     1 ||    15
       Potion            |       |       |     2 |     1 |       ||     3
 Stab: Sleeping          |     5 |       |     1 |     2 |       ||     8
       Invisible         |       |       |     1 |     1 |       ||     2
Armor: Skin              |       |     1 |     7 |     7 |       ||    15
Dodge: Dodged            |    11 |    23 |    71 |   108 |    43 ||   256
